 Dungeon Crawl Stone Soup version 0.29-a0-490-g77b3608bb8 (webtiles) character file.

Game seed: 15884605673159789508

3642 testman the Covert (level 10, -2/66 HPs)
             Began as a Kobold Brigand on May 26, 2022.
             Was an Initiate of Wu Jian.
             Slain by a cyclops (24 damage)
             ... on level 7 of the Dungeon.
             The game lasted 00:31:53 (9582 turns).

testman the Covert (Kobold Brigand)                 Turns: 9582, Time: 00:31:54

Health: -2/66      AC: 11    Str:  6    XL:     10   Next: 33%
Magic:  10/10      EV: 13    Int: 13    God:    Wu Jian [......]
Gold:   108        SH:  0    Dex: 20    Spells: 9/9 levels left

rFire   + . .      SeeInvis +   u - +2 short sword (speed)
rCold   . . .      Faith    .   (no shield)
rNeg    . . .      Spirit   .   I - +0 leather armour of Altruism {rF+ Will+ Str-3}
rPois   .          Reflect  .   G - +2 hat
rElec   .          Harm     .   c - +0 cloak
rCorr   .          Rampage  .   l - +2 pair of gloves
Will    +....                   j - +1 pair of boots
Stlth   ++++++....              (no amulet)
HPRegen 0.21/turn               m - ring of flight
MPRegen 0.12/turn               g - ring of see invisible

@: flying
A: small, no large weapons, nightstalker 3
a: Renounce Religion


You were on level 7 of the Dungeon.
You worshipped Wu Jian.
Wu Jian was noncommittal.
You visited 2 branches of the dungeon, and saw 8 of its levels.
You also visited: Sewer.

You collected 409 gold pieces.
You spent 301 gold pieces at shops.

Inventory:

Hand Weapons
 a - a +2 dagger
 u - a +2 short sword of speed (weapon)
Missiles
 d - 23 poisoned darts (quivered)
 e - 5 curare-tipped darts
 h - 232 stones
 z - 3 throwing nets
 E - 3 silver boomerangs
Armour
 b - a +0 robe
 c - a +0 cloak (worn)
 j - a +1 pair of boots (worn)
 l - a +2 pair of gloves (worn)
 o - a +0 leather armour
 G - a +2 hat (worn)
 I - the +0 leather armour of Altruism (worn) {rF+ Will+ Str-3}
   (You bought it in a shop on level 7 of the Dungeon)

   Str:       It affects your strength (-3).
   rF:        It protects you from fire.
   Will:      It increases your willpower.
Jewellery
 g - a ring of see invisible (right hand)
 m - a ring of flight (left hand)
 J - a ring of protection from fire
Wands
 L - a wand of flame (12)
Scrolls
 k - 3 scrolls of fear
 r - 2 scrolls of immolation
 v - a scroll of blinking
 w - a scroll of magic mapping {unknown}
 x - a scroll of enchant weapon {unknown}
 y - 2 scrolls of fog {unknown}
 B - a scroll of summoning {unknown}
 D - 3 scrolls of teleportation {unknown}
 F - 2 scrolls of amnesia
 K - a scroll of poison
 M - 3 scrolls of identify
Potions
 f - 4 potions of cancellation
 i - a potion of flight
 n - 2 potions of mutation
 q - 3 potions of might
 s - 2 potions of curing
 t - 2 potions of lignification
 A - 2 potions of brilliance
 C - a potion of degeneration {unknown}
 H - a potion of ambrosia


   Skills:
 + Level 9.3 Fighting
 + Level 11.0 Short Blades
 - Level 2.1 Throwing
 - Level 1.2 Dodging
 + Level 12.7 Stealth


You had 9 spell levels left.
You didn't know any spells.
Your spell library contained the following spells:

 Spells                   Type           Power      Damage    Failure   Level
 Foxfire                  Conj/Fire      0%         2x1d4     43%         1
 Magic Dart               Conj           0%         1d3       43%         1
 Scorch                   Fire           0%         2d5       58%         2
 Searing Ray              Conj           0%         2d4       58%         2
 Conjure Flame            Conj/Fire      0%         6-21      82%         3
 Inner Flame              Hex/Fire       0%         N/A       82%         3
 Ozocubu's Armour         Ice            0%         N/A       82%         3
 Portal Projectile        Hex/Tloc       0%         N/A       82%         3
 Tukima's Dance           Hex            0%         N/A       82%         3
 Flame Wave               Conj/Fire      0%         2d4       99%         4
 Fulminant Prism          Conj/Hex       0%         3d6       99%         4
 Blade Hands              Tmut           0%         N/A       100%        5
 Summon Cactus Giant      Summ           0%         N/A       100%        6
 Ozocubu's Refrigeration  Ice            0%         4d5       100%        7


Dungeon Overview and Level Annotations

Branches:
Dungeon (7/15)             Temple (1/1) D:7           Sewer (visited)

Altars:
Ashenzari
Cheibriados
Dithmenos
Elyvilon
Fedhas
Gozag
Hepliaklqana
Makhleb
Nemelex Xobeh
Okawaru
Qazlal
Ru
Trog
Uskayaw
Wu Jian
Xom
Yredelemnul
Zin
The Shining One

Shops:
D:6 [   D:7 ![(*


Innate Abilities, Weirdness & Mutations

You are small and have problems with some larger weapons.
You are completely attuned to the shadows.


Message History

You hit the vampire mosquito.
The vampire mosquito is severely damaged.
The vampire mosquito bites you but does no damage.
You miss the vampire mosquito.
The vampire mosquito is severely damaged.
You hit the vampire mosquito but do no damage.
The vampire mosquito is severely damaged.
The vampire mosquito bites you.
The vampire mosquito draws strength from your injuries!
You closely miss the vampire mosquito.
The vampire mosquito is severely damaged.
You closely miss the vampire mosquito.
The vampire mosquito is severely damaged.
The vampire mosquito bites you but does no damage.
You puncture the vampire mosquito!
You destroy the vampire mosquito!
The Council accepts your kill.
Your Short Blades skill increases to level 11!
You start resting.
A cyclops is nearby!
The cyclops throws a large rock.
The large rock closely misses you.
You see here a +0 dagger.
The cyclops hits you!
There is an open door, spattered with blood here.
You see here a vampire mosquito corpse.
You puncture the cyclops!
The cyclops is moderately wounded.
You puncture the cyclops!
The cyclops is heavily wounded.
The cyclops closely misses you.
You hit the cyclops.
The cyclops is heavily wounded.
You hit the cyclops.
The cyclops is severely wounded.
You hit the cyclops but do no damage.
The cyclops is severely wounded.
You puncture the cyclops!
The cyclops is severely wounded.
The cyclops hits you!!
You die...

....####......'.###...# #.#...
.....#.#'#...##...#...## #.#.##
#.####..)###.#...##....#####.#.#
#.# #......#####.'...........#.#
#.###..#.....#.###......######.#
#.##...###..##...###....# #.#
#.##..###...#......###..# ###.#
..#.....#..##..#.C...#### #.>.#
#####......#...#@#..... #.#.## #
###...##..##.###s.######.#... ##
#####.'...#[).# ..#.#....#...
.####...###..###.##
C##...####### #.#...#..#.....###
.s #......#...
##..#...####.....#.y#
######.#<..
#...##.....###......# #.#.##
.##.######.# ###...## #...#
###.# #.#######.# #.###


You could see a cyclops.

Vanquished Creatures
  An unseen horror (D:7)
  2 hornets
  Prince Ribbit (D:6)
  4 steam dragons
  A vampire mosquito (D:7)
  2 ice beasts
  An orc warrior (D:7)
  A sky beast (D:7)
  An ogre (D:5)
  A centaur (D:7)
  A phantom (D:5)
  2 kobold brigands
  4 bullfrogs
  3 scorpions
  A necrophage (D:6)
  5 killer bees (D:7)
  2 howler monkeys (D:7)
  2 hounds
  2 gnoll shamans
  2 jellies
  An orc priest (D:7)
  An iguana (D:6)
  6 orc wizards (D:7)
  13 gnolls
  12 adders
  3 river rats (Sewer)
  2 white imps
  An ufetubus (D:5)
  5 worms
  A dart slug (D:5)
  18 orcs
  24 ball pythons
  6 bats
  11 endoplasms
  2 giant cockroaches (D:1)
  3 goblins
  8 hobgoblins
  18 kobolds
  5 quokkas
  6 frilled lizards
  34 rats
219 creatures vanquished.

Notes
Turn   | Place    | Note
-------+----------+-------------------------------------------
     0 | D:1      | testman the Kobold Brigand began the quest for the Orb.
     0 | D:1      | Reached XP level 1. HP: 12/12 MP: 1/1
   316 | D:1      | Reached XP level 2. HP: 18/18 MP: 2/2
   423 | D:1      | Reached XP level 3. HP: 22/22 MP: 3/3
   766 | D:1      | Found a faded altar of an unknown god.
  1133 | D:2      | Reached skill level 6 in Stealth
  1161 | D:2      | Reached XP level 4. HP: 28/28 MP: 4/4
  2730 | D:3      | Reached XP level 5. HP: 32/32 MP: 5/5
  3677 | D:4      | Reached skill level 5 in Short Blades
  3677 | D:4      | Reached skill level 7 in Stealth
  3677 | D:4      | Reached XP level 6. HP: 38/38 MP: 6/6
  4235 | D:5      | Entered Level 5 of the Dungeon
  4421 | D:5      | Found a glowing drain.
  4425 | Sewer    | Entered a sewer
  4727 | Sewer    | Reached XP level 7. HP: 42/44 MP: 7/7
  4732 | Sewer    | Reached skill level 5 in Fighting
  4913 | D:5      | Reached skill level 8 in Stealth
  5719 | D:5      | Reached XP level 8. HP: 47/50 MP: 8/8
  5756 | D:5      | Reached skill level 9 in Stealth
  6309 | D:6      | Noticed Prince Ribbit
  6311 | D:6      | Killed Prince Ribbit
  6589 | D:6      | Reached skill level 10 in Stealth
  6589 | D:6      | Reached XP level 9. HP: 47/56 MP: 9/9
  7302 | D:6      | Noticed a hornet
  7307 | D:6      | Killed a hornet
  7424 | D:6      | Found Tosulibb's Antique Armour Shop.
  7674 | D:7      | Found Lifiek's Antique Weapon Shop.
  7723 | D:7      | Reached skill level 11 in Stealth
  8023 | D:7      | Found a glowing silver altar of Zin.
  8158 | D:7      | Found a staircase to the Ecumenical Temple.
  8169 | Temple   | Entered the Ecumenical Temple
  8327 | Temple   | Became a worshipper of the Wu Jian Council
  8433 | D:7      | Found Letewuuk's Assorted Antiques.
  8541 | D:7      | Found Soefray's Distillery.
  8547 | D:7      | Bought a potion of ambrosia for 112 gold pieces
  8601 | D:7      | Found a hide-covered altar of Uskayaw.
  8602 | D:7      | Found Arexafu's Antique Armour Shoppe.
  8608 | D:7      | Bought a brightly glowing leather armour for 189 gold
                  | pieces
  8608 | D:7      | Identified the +0 leather armour of Altruism {rF+ Will+
                  | Str-3} (You bought it in a shop on level 7 of the Dungeon)
  8821 | D:7      | Reached skill level 10 in Short Blades
  8931 | D:7      | Found a glowing golden altar of the Shining One.
  9000 | D:7      | Reached XP level 10. HP: 65/65 MP: 10/10
  9042 | D:7      | Reached skill level 12 in Stealth
  9510 | D:7      | Noticed a cyclops
  9534 | D:7      | Noticed an unseen horror
  9557 | D:7      | Killed an unseen horror
  9582 | D:7      | Slain by a cyclops

Illustrated notes

Levels and vault maps discovered:
D:1:      evilmike_arrival_rings, layout_basic,
          hellmonk_ecumenical_altar_crossroads
D:2:      layout_basic
D:3:      layout_loops_corners
D:4:      layout_loops_ring, corexii_hall_statues_l
D:5:      layout_basic, gup_sewer_entry_bowl
D:6:      layout_layer_cave, serial_shops, kennysheep_mini, uniq_prince_ribbit1
D:7:      minmay_slanted_spiral_squares, layout_loops_ring,
          mainiacjoe_overflow_boulevard, nicolae_overflow_hidden_temple,
          zin_statuary, minmay_temple_entry_sparse_star, serial_shops,
          nicolae_shop_hallway_plus, nicolae_shop_trees, nicolae_shop_stone,
          nicolae_stop_n_shop_2, uniq_crazy_yiuf_cottage
Temple:   compressed_dpeg_circular_temple

Skill      XL: |  1  2  3  4  5  6  7  8  9 10 |
---------------+-------------------------------+-----
Short Blades   | 3 4 5 6 8 10 11 | 11.0
Fighting       | 3 4 5 6 8 9 |  9.3
Stealth        | 6 7 8 10 11 12 | 12.7
Throwing       | |  2.1
Dodging        | |  1.2

Action                   |  1- 3 |  4- 6 |  7- 9 | 10-12 || total
-------------------------+-------+-------+-------+-------++-------
Melee: Dagger            |    92 |   120 |       |       ||   212
       Punch             |       |     4 |     7 |     1 ||    12
       Short sword       |       |   150 |   318 |    92 ||   560
Throw: Dart              |       |     2 |     1 |     2 ||     5
Invok: Lunge             |       |       |    12 |     4 ||    16
  Use: Scroll            |       |    12 |     3 |       ||    15
       Potion            |       |       |     5 |     1 ||     6
 Stab: Sleeping          |    16 |    27 |    32 |       ||    75
       Distracted        |     1 |     1 |     1 |       ||     3
Armor: Robe              |    14 |       |       |       ||    14
       Leather armour    |     2 |    65 |    57 |    27 ||   151
Dodge: Dodged            |    63 |   122 |   119 |    37 ||   341

Table legend: (Time is in decaauts)
 A = Elapsed time spent in this place.
 B = Non-inter-level travel time spent in this place.
 C = Inter-level travel time spent in this place.
 D = Time resting spent in this place.
 E = Time spent auto-exploring this place.
 F = Levels seen in this place.
 G = Mean time per level.
                   A        B        C        D        E       F      G
               +--------+--------+--------+--------+--------+-----+--------+
         Total |   9261 |   8960 |    301 |   1559 |   5900 |   9 | 1029.0 |
       Dungeon |   8681 |   8418 |    263 |   1559 |   5519 |   7 | 1240.1 |
        Temple |    168 |    130 |     38 |      0 |    112 |   1 |  168.0 |
         Sewer |    411 |    411 |      0 |      0 |    269 |   1 |  411.0 |
               +--------+--------+--------+--------+--------+-----+--------+

Top non-repeatable levels by time:
     D:6: 1673 daAuts
     D:7: 1636 daAuts
     D:2: 1235 daAuts
     D:3: 1168 daAuts
     D:5: 1091 daAuts
     D:4: 1045 daAuts
     D:1: 831 daAuts
   Sewer: 411 daAuts
  Temple: 168 daAuts
